 Dungeon Crawl Stone Soup version 0.27-a0-1232-gc6a4cbde82 (webtiles) character file.

Game seed: 16772066218642282102

26 ZappyNine the Skirmisher (level 3, -2/40 HPs)
             Began as an Ogre Fighter on June 8, 2021.
             Slain by Sigmund
             ... wielding a +0 scythe
              (4 damage)
             ... on level 2 of the Dungeon.
             The game lasted 00:01:05 (946 turns).

ZappyNine the Skirmisher (Ogre Fighter)              Turns: 946, Time: 00:01:05

Health: -2/40      AC:  3    Str: 20    XL:     3   Next: 8%
Magic:  3/3        EV:  8    Int:  9    God:
Gold:   35         SH:  8    Dex:  9    Spells: 2/2 levels left

rFire    . . .     SeeInvis .   a - +0 flail
rCold    . . .     Faith    .   c - +0 kite shield
rNeg     . . .     Spirit   .   b - +0 robe
rPois    .         Reflect  .   (helmet restricted)
rElec    .         Harm     .   (no cloak)
rCorr    .         Rampage  .   (gloves unavailable)
Will     .....                  (boots unavailable)
Stlth    +.........             (no amulet)
HPRegen  0.13/turn              (no ring)
MPRegen  0.08/turn              (no ring)

@: mighty, on berserk cooldown, slowed, very slow
A: large, unfitting armour, tough skin 1
a: no special abilities


You were on level 2 of the Dungeon.
You visited 1 branch of the dungeon, and saw 2 of its levels.

You collected 35 gold pieces.

Inventory:

Hand Weapons
 a - a +0 flail (weapon)
Missiles
 f - 19 poisoned darts (quivered)
Armour
 b - a +0 robe (worn)
 c - a +0 kite shield (worn)
Scrolls
 g - a scroll of amnesia {unknown}
 j - a scroll of immolation {unknown}
Potions
 h - a potion of ambrosia {unknown}
 i - a potion of curing {unknown}
 k - a potion of heal wounds {unknown}


   Skills:
 + Level 4.5 Fighting
 + Level 2.2 Maces & Flails
 + Level 3.1 Dodging
 - Level 2.6 Shields


You had 2 spell levels left.
You didn't know any spells.
Your spell library was empty.

Dungeon Overview and Level Annotations

Branches:
Dungeon (2/15)

Altars:

Annotations:
D:2 Sigmund


Innate Abilities, Weirdness & Mutations

You are too large for most types of armour.
You have tough skin. (AC +1)


Message History

No target in view!
You are confused.
You bump into the rock wall.
It was a potion of berserk rage.
A red film seems to cover your vision as you go berserk!
You feel yourself moving faster!
You feel mighty!
You are more confused.
You bump into the rock wall.
You feel a strong urge to attack something.
You bump into the rock wall.
You bump into the rock wall.
You feel your anger nearly subside.
You are no longer berserk.
You are exhausted.
You feel yourself slow down.
You bump into the rock wall.
Something hits you.
A magic dart appears from out of thin air!
The magic dart hits you.
You bump into the rock wall.
You feel less confused. You block something's attack.
A magic dart appears from out of thin air!
The magic dart hits you.
A puff of flame appears from out of thin air!
The puff of flame misses you.
You hear some strange, mumbled words.
Something tries to affect you, but you resist.
A magic dart appears from out of thin air!
The magic dart hits you.
You feel very mighty all of a sudden. You block something's attack.
Something hits you.
Unknown command.
You block something's attack.
You closely miss something. Something hits you but does no damage.
Something hits you!
You sock something! You block something's attack. Something hits you.
* * * LOW HITPOINT WARNING * * *
Something hits you!
* * * LOW HITPOINT WARNING * * *
You barely miss something. Something hits you.
You die...

#.## #..# #..# #..# #..# #
#..# $## #..# ..#
##################..#
..#######......{@........)..#
#.........#########.........#
########### #(######### #.#
#.# #.# #.# #.# #.#


There were no monsters in sight!

Vanquished Creatures
  2 ball pythons (D:1)
  3 endoplasms
  3 giant cockroaches (D:1)
  3 hobgoblins (D:1)
  3 kobolds
  3 bats
  2 frilled lizards
  2 goblins (D:2)
  2 rats
23 creatures vanquished.

Notes
Turn   | Place    | Note
-------+----------+-------------------------------------------
     0 | D:1      | ZappyNine the Ogre Fighter began the quest for the Orb.
     0 | D:1      | Reached XP level 1. HP: 24/24 MP: 1/1
   208 | D:1      | Reached XP level 2. HP: 32/32 MP: 2/2
   674 | D:1      | You fall into a shaft and drop 1 floor!
   706 | D:2      | Found a faded altar of an unknown god.
   826 | D:2      | Reached XP level 3. HP: 39/40 MP: 3/3
   918 | D:2      | Noticed Sigmund
   945 | D:2      | HP: 1/40 [something (7)]
   946 | D:2      | Slain by Sigmund

Illustrated notes

Levels and vault maps discovered:
D:1:      heliophobic_arrival_battle_scene, layout_basic, minmay_close_crescents
D:2:      minmay_evil_eye, layout_loops_ring,
          hellmonk_ecumenical_altar_leap_of_faith, uniq_sigmund

Skill      XL: |  1  2 |
---------------+-------+-----
Maces & Flails | 2 |  2.2
Dodging        | 3 |  3.1
Fighting       | |  4.5
Shields        | |  2.6

Action                   || total
-------------------------++-------
Melee: Flail             ||    68
  Use: Potion            ||     2
Armor: Robe              ||    17
Dodge: Dodged            ||    26
Block: Kite shield       ||    37

Table legend: (Time is in decaauts)
 A = Elapsed time spent in this place.
 B = Non-inter-level travel time spent in this place.
 C = Inter-level travel time spent in this place.
 D = Time resting spent in this place.
 E = Time spent auto-exploring this place.
 F = Levels seen in this place.
 G = Mean time per level.
                   A        B        C        D        E       F      G
               +--------+--------+--------+--------+--------+-----+--------+
         Total |    987 |    987 |      0 |      0 |    775 |   2 |  493.5 |
       Dungeon |    987 |    987 |      0 |      0 |    775 |   2 |  493.5 |
               +--------+--------+--------+--------+--------+-----+--------+

Top non-repeatable levels by time:
     D:1: 697 daAuts
     D:2: 289 daAuts
